 Dungeon Crawl Stone Soup version 0.28-a0-1560-g060a6a1bfc (webtiles) character file.

Game seed: 8737642969572238745

216 BritishOli the Slasher (level 5, 0/41 HPs)
             Began as a Demonspawn Gladiator on Jan 19, 2022.
             Slain by a hound (4 damage)
             ... on level 4 of the Dungeon.
             The game lasted 00:04:27 (3125 turns).

BritishOli the Slasher (Demonspawn Gladiator)       Turns: 3125, Time: 00:04:28

Health: 0/41       AC:  3    Str: 16    XL:     5   Next: 61%
Magic:  5/5        EV: 13    Int:  9    God:
Gold:   21         SH:  6    Dex: 15    Spells: 4/4 levels left

rFire   . . .      SeeInvis +   a - +0 long sword
rCold   . . .      Faith    .   (no shield)
rNeg    . . .      Spirit   .   b - +0 leather armour
rPois   .          Reflect  .   (helmet restricted)
rElec   .          Harm     .   (no cloak)
rCorr   .          Rampage  .   (no gloves)
Will    .....                   (no boots)
Stlth   +.........              (no amulet)
HPRegen 0.13/turn               f - ring of see invisible
MPRegen 0.09/turn               (no ring)

@: no status effects
A: antennae 2, large bone plates 2
a: no special abilities


You were on level 4 of the Dungeon.
You visited 1 branch of the dungeon, and saw 4 of its levels.

You collected 21 gold pieces.

Inventory:

Hand Weapons
 a - a +0 long sword (weapon)
Missiles
 d - 3 throwing nets (quivered)
Armour
 b - a +0 leather armour (worn)
 c - a +0 helmet
Jewellery
 f - a ring of see invisible (left hand)
Wands
 t - a wand of acid (14)
Scrolls
 g - 3 scrolls of identify {unknown}
 h - a scroll of magic mapping {unknown}
 j - 2 scrolls of blinking {unknown}
 k - a scroll of immolation {unknown}
 m - a scroll of holy word {unknown}
 o - a scroll of acquirement {unknown}
 p - 2 scrolls of vulnerability {unknown}
 q - a scroll of amnesia {unknown}
 s - 2 scrolls of teleportation {unknown}
Potions
 e - a potion of haste {unknown}
 i - a potion of attraction {unknown}
 l - a potion of mutation {unknown}
 n - a potion of curing {unknown}
 r - a potion of flight {unknown}
 u - a potion of ambrosia {unknown}


   Skills:
 + Level 3.3 Fighting
 + Level 3.6 Long Blades
 - Level 3.0 Throwing
 + Level 0.9 Armour
 + Level 3.6 Dodging


You had 4 spell levels left.
You didn't know any spells.
Your spell library was empty.

Dungeon Overview and Level Annotations

Branches:
Dungeon (4/15)
 Temple: D:4-7

Altars:
Elyvilon
Sif Muna
Zin


Innate Abilities, Weirdness & Mutations

You have a pair of antennae on your head.
You are mostly covered in large bone plates. (SH +6)


Message History

Found a thick jasper amulet.
A jackal is nearby!
A jackal comes into view.
A centaur comes into view.
The jackal barks! x2
The centaur shouts!
The centaur wields a +0 shortbow.
The centaur shoots an arrow.
The arrow hits you.
You closely miss the jackal.
The centaur shoots an arrow.
The arrow hits you!
The jackal bites you but does no damage.
The centaur shoots an arrow.
The arrow hits you!
You are too injured to fight recklessly!
You are too injured to fight recklessly!
A hound comes into view.
The centaur shoots an arrow.
The arrow completely misses you.
The hound barks!
You block the jackal's attack. The hound barely misses you.
The hound barely misses you. The hound bites you. The hound closely misses you.
You block the hound's attack. The hound bites you. The hound barely misses you.
The hound bites you.
* * * LOW HITPOINT WARNING * * *
As you open the door, it creaks loudly! You block the hound's attack.
The hound closely misses you.
There is an open door here.
You block the hound's attack. The hound closely misses you.
The centaur shoots an arrow.
The arrow hits you!
* * * LOW HITPOINT WARNING * * *
The hound bites you.
* * * LOW HITPOINT WARNING * * *
Unknown command.
There is a stone staircase leading down here.
The hound bites you.
You die...

#.....# .... #....##♣...
#....#♣..♣ #....#..♣#♣♣♣# #
#......♣#♣⌠.⌠♣# #♣
#......#♣.._..♣♣♣♣♣♣.
##......#♣............
#.......#♣............
#....@h.#♣...........♣
#.....#.#♣♣.........♣♣
#....h#.###♣♣♣....♣♣#
#.....c.{.####♣♣♣♣# .
#.......h....##### ...
######................
#......#.... ..."
##......##########
##########.......'...h.....


You could see a centaur, a hound and a jackal.

Vanquished Creatures
  A necrophage (D:4)
  A hound skeleton (D:4)
  5 adders
  A worm (D:2)
  A dart slug (D:2)
  An orc (D:3)
  5 endoplasms
  7 giant cockroaches
  10 goblins
  3 hobgoblins
  2 jackals (D:1)
  4 quokkas
  3 ball pythons
  7 bats
  4 frilled lizards
  7 kobolds
  7 rats
69 creatures vanquished.

Vanquished Creatures (others)
  3 demonic plants (D:1)
  21 plants
  2 withered plants (D:1)
26 creatures vanquished.

Grand Total: 95 creatures vanquished

Notes
Turn   | Place    | Note
-------+----------+-------------------------------------------
     0 | D:1      | BritishOli the Demonspawn Gladiator began the quest for the
                  | Orb.
     0 | D:1      | Reached XP level 1. HP: 16/16 MP: 1/1
    69 | D:1      | Gained mutation: You are partially covered in large bone
                  | plates. (SH +4) [demonic ancestry]
    69 | D:1      | Reached XP level 2. HP: 13/22 MP: 2/2
   500 | D:1      | Found a faded altar of an unknown god.
   779 | D:1      | Gained mutation: You have a pair of small antennae on your
                  | head. [demonic ancestry]
   779 | D:1      | Reached XP level 3. HP: 28/28 MP: 3/3
  1710 | D:2      | Gained mutation: You are mostly covered in large bone
                  | plates. (SH +6) [demonic ancestry]
  1710 | D:2      | Reached XP level 4. HP: 30/34 MP: 4/4
  2007 | D:2      | Found a shimmering blue altar of Sif Muna.
  2830 | D:3      | Noticed an ogre
  3007 | D:4      | Noticed a necrophage
  3015 | D:4      | Killed a necrophage
  3016 | D:4      | Gained mutation: You have a pair of antennae on your head.
                  | [demonic ancestry]
  3016 | D:4      | Reached XP level 5. HP: 41/41 MP: 5/5
  3089 | D:4      | Noticed a centaur
  3125 | D:4      | Slain by a hound

Illustrated notes

Levels and vault maps discovered:
D:1:      minmay_arrival_floating_metal, layout_rooms,
          shapermc_ecumenical_altar_gd, chequers_serial_rivers_micro_e,
          minmay_misc_feat_chi, minmay_worlds_worst_comb
D:2:      layout_basic, basic_altar, amethyst_killhole
D:3:      layout_loops_ring, old_standard_altar, serial_bayou_lagoon_a,
          minmay_quadrilaterals
D:4:      layout_basic, kennysheep_ying_yang

Skill      XL: |  1  2  3  4 |
---------------+-------------+-----
Throwing       | 2 3 |  3.0
Long Blades    | 3 |  3.6
Dodging        | 3 |  3.6
Fighting       | 3 |  3.3
Armour         | |  0.9

Action                   |  1- 3 |  4- 6 || total
-------------------------+-------+-------++-------
Melee: Long sword        |   108 |    91 ||   199
 Stab: Distracted        |     1 |       ||     1
       Sleeping          |     1 |     1 ||     2
Armor: Leather armour    |    26 |    24 ||    50
Dodge: Dodged            |    71 |    64 ||   135
Block: Other             |    13 |    42 ||    55

Table legend: (Time is in decaauts)
 A = Elapsed time spent in this place.
 B = Non-inter-level travel time spent in this place.
 C = Inter-level travel time spent in this place.
 D = Time resting spent in this place.
 E = Time spent auto-exploring this place.
 F = Levels seen in this place.
 G = Mean time per level.
                   A        B        C        D        E       F      G
               +--------+--------+--------+--------+--------+-----+--------+
         Total |   3193 |   3112 |     81 |      0 |   2541 |   4 |  798.2 |
       Dungeon |   3193 |   3112 |     81 |      0 |   2541 |   4 |  798.2 |
               +--------+--------+--------+--------+--------+-----+--------+

Top non-repeatable levels by time:
     D:2: 1242 daAuts
     D:1: 1140 daAuts
     D:3: 539 daAuts
     D:4: 271 daAuts
